Map: [ESL] Cosmic Sapphire

Players

PureLegacy

  • Race: Terran Terran
  • Spawn Location: 11:00

Astrea - Winner!

  • Race: Protoss Protoss
  • Spawn Location: 5:00

Event: DreamHack SC2 Masters 2022 Atlanta (Online)

VOD

Have the link to the VOD?

Description

Time

  • Played on: Oct. 6, 2022, 3:13 p.m.
  • Length: 10:08

All games in this series

Show
View Real Time Build Order
Export as new Build Order

PureLegacy Terran 

Build Orders: Reaper Expand 

Get SALT Encoding   

  12  0:00  SCV  
  13  0:12  SCV  
  14  0:17  Supply Depot  
  14  0:24  SCV  
  15  0:38  SCV  
  15  0:39  Barracks  
  16  0:43  Refinery  
  16  0:50  SCV  
  17  1:02  SCV  
  18  1:15  SCV  
  19  1:27  Reaper  
  19  1:28  Orbital Command  
  20  1:41  Command Center  
  20  1:50  Supply Depot  
  20  1:53  SCV  
  21  1:58  Marine  
  22  2:06  SCV  
  22  2:08  Factory  
  23  2:15  Bunker  
  23  2:18  SCV  
  23  2:20  Barracks Reactor  
  24  2:24  Refinery  
  24  2:30  SCV  
  25  2:42  SCV  
  26  2:53  Orbital Command  
  26  2:54  SCV  
  26  2:57  Hellion  
  29  2:58  Marine x2, Starport  
  31  3:07  SCV  
  31  3:12  Supply Depot  
  32  3:16  Marine x2  
  32  3:19  SCV  
  35  3:20  Hellion  
  35  3:22  SCV  
  38  3:31  SCV  
  39  3:34  Supply Depot, SCV  
  39  3:38  Medivac  
  42  3:42  Hellion  
  42  3:43  SCV  
  42  3:46  SCV  
  47  3:55  SCV  
  47  3:56  Supply Depot, Marine x2  
  47  3:58  SCV  
  50  4:05  Factory Tech Lab  
  50  4:07  SCV  
  51  4:10  Starport Tech Lab  
  51  4:11  SCV  
  51  4:14  Marine x2  
  54  4:19  Barracks, SCV  
  54  4:20  Supply Depot, Barracks  
  55  4:27  Siege Tank  
  55  4:29  SCV  
  55  4:31  Raven, Marine x2  
  61  4:35  Refinery  
  61  4:50  SCV  
  61  4:52  Marine x2  
  58  4:53  SCV  
  58  4:54  Engineering Bay  
  58  4:59  Siege Tank  
  62  5:00  Barracks  
  62  5:01  Barracks  
  62  5:04  Refinery, SCV  
  62  5:05  SCV  
  64  5:09  Marine  
  64  5:10  Marine x2  
  67  5:17  SCV  
  67  5:20  Terran Infantry Weapons Level 1  
  68  5:21  Supply Depot  
  68  5:22  Stimpack  
  68  5:25  Marine  
  68  5:27  Marine  
  68  5:28  Marine  
  72  5:30  SCV x2  
  72  5:31  Starport Reactor  
  72  5:35  Supply Depot  
  73  5:44  Marauder  
  73  5:45  SCV  
  73  5:47  SCV  
  77  5:50  Barracks Reactor, Barracks Tech Lab, Marauder  
  77  5:51  Combat Shield  
  77  5:54  Marine x2  
  79  5:57  SCV  
  80  6:05  Supply Depot, Marauder  
  80  6:10  Marauder  
  80  6:11  Concussive Shells, Marauder  
  86  6:12  Marine x2  
  86  6:17  Medivac x2  
  92  6:27  Marauder  
  92  6:29  Marine x3  
  92  6:30  Marine  
  92  6:32  Marauder  
  101  6:33  SCV, Marauder  
  99  6:44  Supply Depot  
  99  6:47  Medivac, Marine  
  99  6:52  Marine  
  102  6:54  Medivac, Marauder x2  
  102  6:59  Marauder  
  110  7:04  Supply Depot  
  110  7:05  Marine x2  
  110  7:06  Supply Depot  
  110  7:07  Marine  
  113  7:16  Marauder x2  
  113  7:18  Marine  
  118  7:25  Medivac  
  118  7:26  Medivac, Marauder  
  118  7:27  Marine x2  
  120  7:37  Marauder x2  
  124  7:45  Marine  
  124  7:46  Marine  
  124  7:47  Marauder, Marine  
  124  7:51  Marine  
  114  7:56  Terran Infantry Armor Level 1  
  113  7:59  Supply Depot, Marauder x2  
  113  8:01  Medivac x2  
  113  8:03  Marine x2  
  123  8:05  Marine  
  123  8:08  Marine  
  123  8:09  Marauder  
  127  8:19  Marine  
  127  8:20  Marauder  
  127  8:21  Marine x2  
  127  8:22  Supply Depot  
  127  8:23  Marine  
  127  8:26  Marine  
  129  8:30  Marauder  
  104  8:38  Marauder  
  104  8:39  Marine x2  
  104  8:41  Marauder, Marine  
  103  8:44  Marine  
  107  8:49  Liberator x2  
  107  8:51  Marauder  
  111  8:57  Marine x2  
  111  8:59  Marauder, Marine  
  111  9:02  Marine  
  109  9:03  Marauder  
  109  9:07  Supply Depot  
  109  9:13  Marauder  
  109  9:14  Marine  
  109  9:15  Marine  
  109  9:17  Marine  
  113  9:20  Marine  
  113  9:21  Marauder  
  113  9:24  Marine  
  118  9:32  Marine x2  
  118  9:34  Marauder, Marine  
  118  9:38  Marine  
  124  9:42  Marauder x2  
Show
View Real Time Build Order
Export as new Build Order

Astrea Protoss - Winner!

Build Orders: 1 Gate Expand, Phoenix Opening, Blink Stalkers 

Get SALT Encoding   

  12  0:00  Probe  
  13  0:12  Probe  
  14  0:17  Pylon  
  14  0:24  Probe (Chrono Boost)  
  16  0:36  Gateway  
  16  0:37  Probe (Chrono Boost)  
  16  0:43  Probe (Chrono Boost)  
  16  0:45  Assimilator  
  17  0:51  Probe  
  18  1:03  Probe  
  19  1:15  Probe  
  20  1:22  Nexus  
  20  1:31  Cybernetics Core  
  20  1:34  Probe  
  20  1:39  Assimilator  
  21  1:47  Probe  
  22  1:49  Pylon  
  22  1:59  Probe (Chrono Boost)  
  23  2:05  Adept (Chrono Boost)  
  25  2:08  Warp Gate  
  25  2:11  Probe (Chrono Boost)  
  26  2:18  Twilight Council  
  26  2:20  Probe (Chrono Boost)  
  27  2:25  Probe  
  27  2:28  Stalker  
  30  2:34  Probe  
  31  2:38  Probe (Chrono Boost)  
  32  2:46  Probe (Chrono Boost)  
  32  2:50  Blink (Chrono Boost)  
  34  2:55  Probe (Chrono Boost)  
  34  2:56  Probe (Chrono Boost)  
  35  3:01  Probe x2 (Chrono Boost)  
  37  3:12  Probe  
  38  3:13  Probe  
  38  3:14  Gateway  
  38  3:15  Sentry  
  41  3:24  Probe  
  41  3:25  Probe  
  41  3:26  Pylon  
  43  3:36  Probe  
  43  3:38  Probe  
  45  3:44  Nexus  
  45  3:46  Pylon  
  45  3:48  Phoenix, Probe  
  45  3:50  Probe  
  47  3:56  Stalker  
  47  4:00  Probe  
  47  4:02  Probe  
  51  4:03  Assimilator  
  51  4:05  Robotics Facility  
  51  4:09  Stalker  
  53  4:12  Probe  
  53  4:14  Probe  
  55  4:21  Assimilator  
  55  4:23  Pylon  
  55  4:25  Probe, Stalker  
  55  4:26  Probe  
  59  4:36  Stalker  
  59  4:37  Probe, Pylon  
  62  4:41  Probe (Chrono Boost)  
  55  4:53  Probe x2 (Chrono Boost)  
  55  4:55  Observer  
  57  5:00  Charge  
  57  5:04  Probe x2 (Chrono Boost)  
  60  5:07  Probe (Chrono Boost)  
  60  5:12  Templar Archives  
  60  5:13  Probe (Chrono Boost)  
  62  5:14  Gateway  
  62  5:15  Probe (Chrono Boost)  
  62  5:16  Gateway  
  62  5:17  Gateway  
  62  5:18  Observer, Probe (Chrono Boost)  
  62  5:20  Probe (Chrono Boost)  
  65  5:27  Probe x2 (Chrono Boost)  
  67  5:31  Pylon  
  67  5:33  Probe (Chrono Boost)  
  69  5:35  Probe (Chrono Boost)  
  69  5:36  Gateway, Probe (Chrono Boost)  
  69  5:37  Gateway  
  69  5:39  Psionic Storm  
  69  5:42  Probe  
  71  5:46  Probe  
  71  5:47  Probe  
  73  5:54  Probe  
  73  5:55  Gateway  
  74  6:00  Observer, Gateway  
  74  6:01  Probe x2  
  76  6:06  Probe  
  76  6:09  High Templar x3  
  83  6:12  Pylon  
  83  6:14  Probe  
  83  6:16  Zealot, Pylon  
  83  6:17  Zealot  
  88  6:24  Immortal (Chrono Boost)  
  92  6:26  Probe  
  92  6:30  Shield Battery  
  93  6:41  Zealot x2, High Templar  
  93  6:42  Zealot x4  
  93  6:44  Pylon  
  93  6:45  Pylon  
  107  7:00  Zealot  
  109  7:04  Zealot x2  
  109  7:05  Zealot x5  
  123  7:13  Warp Prism  
  123  7:18  Pylon x2  
  123  7:19  Stalker  
  123  7:20  Pylon  
  123  7:21  Assimilator  
  123  7:22  Assimilator  
  125  7:35  Probe x3  
  118  7:39  Stalker x5  
  126  7:47  Probe x3  
  126  7:50  Pylon  
  127  7:52  Zealot x2  
  131  7:59  Probe  
  131  8:00  Probe  
  131  8:01  Probe  
  134  8:07  High Templar  
  134  8:08  High Templar x2  
  134  8:11  Probe  
  141  8:13  Probe x2  
  141  8:19  Archon, Forge  
  143  8:20  Forge, High Templar  
  143  8:21  Zealot x2  
  143  8:25  Probe x2  
  145  8:29  Observer  
  127  8:34  Zealot x3  
  127  8:36  Archon  
  127  8:42  Probe x2  
  127  8:43  Probe  
  127  8:47  Stalker x5  
  138  8:51  Observer  
  138  8:54  Probe  
  139  8:59  Zealot x2, High Templar x2  
  137  9:03  Archon  
  137  9:08  Probe x3  
  140  9:17  Robotics Bay  
  140  9:18  Pylon  
  140  9:19  Pylon  
  140  9:22  Robotics Facility, Immortal (Chrono Boost)  
  140  9:27  Pylon x2  
  144  9:33  Zealot x2  
  148  9:38  High Templar x2, Pylon  
  148  9:39  Zealot x3  
  148  9:40  Pylon  
  158  9:50  Zealot x2  
  158  9:51  Archon  
  134  10:00  Zealot x5, Archon  
Tags
 
Add a new tag
Caveats
  • Supply blocks, unpowered buildings, or Contaminate may cause inaccurate times.
  • Supply counts are checked every 10 seconds.